 Dungeon Crawl Stone Soup version 0.28.0-53-g5a82cb258f (webtiles) character file.

Game seed: 16143187036300037698

44 Tiocfaidh the Ducker (level 3, -4/28 HPs)
             Began as a Human Gladiator on July 16, 2022.
             Slain by Terence
             ... wielding a +0 short sword
              (8 damage)
             ... on level 3 of the Dungeon.
             The game lasted 00:05:10 (988 turns).

Tiocfaidh the Ducker (Human Gladiator)               Turns: 988, Time: 00:05:11

Health: -4/28      AC:  0    Str: 16    XL:     3   Next: 85%
Magic:  3/3        EV: 15    Int:  8    God:
Gold:   46         SH:  0    Dex: 14    Spells: 2/2 levels left

rFire   . . .      SeeInvis .   (weapon currently unavailable)
rCold   . . .      Faith    .   (shield currently unavailable)
rNeg    . . .      Spirit   .   (armour currently unavailable)
rPois   .          Reflect  .   (helmet currently unavailable)
rElec   .          Harm     .   (cloak currently unavailable)
rCorr   .          Rampage  .   (gloves currently unavailable)
Will    .....                   (boots currently unavailable)
Stlth   +.........              (no amulet)
HPRegen 0.09/turn               (ring currently unavailable)
MPRegen 0.08/turn               (ring currently unavailable)

@: brilliant, pig-form, invisible, very quick
A: fast, no casting, small
a: no special abilities


You were on level 3 of the Dungeon.
You were a filthy swine.
You visited 1 branch of the dungeon, and saw 3 of its levels.

You collected 46 gold pieces.

Inventory:

Hand Weapons
 a - a +0 war axe (melded)
Missiles
 d - 3 throwing nets (quivered)
Armour
 b - a +0 leather armour (melded)
 c - a +0 helmet (melded)
 k - a +0 buckler (melded)
Scrolls
 e - 4 scrolls of magic mapping {unknown}
 i - a scroll of identify {unknown}
 j - a scroll of fear {unknown}
 l - a scroll of fog {unknown}


   Skills:
 + Level 2.4 Fighting
 + Level 3.4 Axes
 + Level 2.3 Throwing
 + Level 0.4 Armour
 + Level 3.4 Dodging
 + Level 0.2 Stealth


You had 2 spell levels left.
You didn't know any spells.
Your spell library was empty.

Dungeon Overview and Level Annotations

Branches:
Dungeon (3/15)

Altars:

Annotations:
D:2 Robin
D:3 Terence


Message History

You hit the adder.
The adder is severely wounded.
The adder misses you.
You hit the adder.
The adder is almost dead.
You block the adder's attack. The adder bites you but does no damage.
You barely miss the adder.
The adder is almost dead.
The adder bites you. The adder barely misses you.
You miss the adder.
The adder is almost dead.
The adder closely misses you. x2
You miss the adder.
The adder is almost dead.
Terence shouts, "Now you die!" The adder bites you but does no damage.
The adder misses you.
You slash the adder!
You kill the adder!
You closely miss Terence.
Terence zaps a wand.
You turn into a filthy swine.
Your +0 war axe melds into your body.
Your +0 helmet melds into your body.
Your +0 buckler melds into your body.
Your +0 leather armour melds into your body.
Terence closely misses you.
You hit Terence but do no damage. Terence hits you with a +0 short sword.
You barely miss Terence. Terence closely misses you.
It was a potion of brilliance.
You feel clever all of a sudden. Terence barely misses you.
It was a potion of invisibility.
You fade into invisibility!
Terence looks scornfully at you. Terence barely misses you.
You barely miss Terence. Terence hits you with a +0 short sword.
* * * LOW HITPOINT WARNING * * *
As you read the scroll labelled KIDUHAZANAM, it crumbles to dust.
Your body is wracked with pain!
* * * LOW HITPOINT WARNING * * *
Terence convulses!
It was a scroll of torment.
Terence hits you with a +0 short sword!
You die...

#..........
#.........#....
#.)...........#
#<.............
##.............
##.....#...>..
#.#####......
#.###........
#...@h# #...###
#....# ##.#...
.@.###. .... ..
...... .
.......


You could see Terence.

Vanquished Creatures
  An adder (D:3)
  A dart slug (D:1)
  An orc (D:3)
  3 bats (D:1)
  4 endoplasms
  2 giant cockroaches
  6 goblins
  3 hobgoblins
  2 kobolds (D:1)
  2 ball pythons (D:1)
  2 frilled lizards
  2 rats
29 creatures vanquished.

Notes
Turn   | Place    | Note
-------+----------+-------------------------------------------
     0 | D:1      | Tiocfaidh the Human Gladiator began the quest for the Orb.
     0 | D:1      | Reached XP level 1. HP: 16/16 MP: 1/1
    78 | D:1      | Found a faded altar of an unknown god.
   251 | D:1      | Reached XP level 2. HP: 22/22 MP: 2/2
   361 | D:1      | Reached XP level 3. HP: 19/28 MP: 3/3
   786 | D:2      | Noticed Robin
   967 | D:3      | Noticed Terence
   988 | D:3      | Slain by Terence

Illustrated notes

Levels and vault maps discovered:
D:1:      minmay_arrival_stone_box, layout_basic,
          ebering_ecumenical_altar_sacrificial, minmay_misc_feat_alley
D:2:      layout_basic, minmay_door_square, kennysheep_big_empty_room,
          uniq_robin, uniq_jessica
D:3:      layout_rooms, minmay_rat_hole, uniq_terence, uniq_sigmund

Action                   || total
-------------------------++-------
Melee: War axe           ||    78
       Unarmed           ||     3
  Use: Potion            ||     2
       Scroll            ||     1
 Stab: Sleeping          ||     2
Armor: Leather armour    ||    30
Dodge: Dodged            ||    68
Block: Buckler           ||     5
